 Dungeon Crawl Stone Soup version 0.18.1-50-g88ac8fd (webtiles) character file.

259 magog001 the Covered (level 5, -13/48 HPs)
             Began as a Minotaur Fighter on Jan 23, 2018.
             Killed by divine providence
             ... invoked by an orc priest
              (14 damage)
             ... on level 4 of the Dungeon.
             The game lasted 00:18:56 (3330 turns).

magog001 the Covered (Minotaur Fighter)             Turns: 3330, Time: 00:18:57

Health: -13/48     AC:  8    Str: 26    XL:     5   Next: 95%
Magic:  4/4        EV:  8    Int:  5    God:
Gold:   159        SH: 10    Dex: 10    Spells: 0 memorised, 4 levels left

rFire  . . .     SeeInvis .     a - +0 war axe
rCold  + . .     Gourm    .     u - +1 ring mail {rC+}
rNeg   . . .     Faith    .     c - +0 shield
rPois  .         Spirit   .     (helmet restricted)
rElec  .         Dismiss  .     p - +0 cloak
rCorr  .         Reflect  .     (no gloves)
SustAt .         Harm     .     (no boots)
MR     .....                    (no amulet)
Stlth  ..........               (no ring)
                                (no ring)

@: mighty, flying, not resistant to hostile enchantments, extremely unstealthy
A: retaliatory headbutt, horns 2
a: no special abilities


You were on level 4 of the Dungeon.
You were not hungry.

You visited 1 branch of the dungeon, and saw 4 of its levels.

You collected 159 gold pieces.

Inventory:

Hand Weapons
 a - a +0 war axe (weapon)
Missiles
 k - 48 sling bullets
 v - 16 poisoned needles
 y - 2 tomahawks of returning (quivered)
Armour
 c - a +0 shield (worn)
 p - a +0 cloak (worn)
 u - a +1 ring mail of cold resistance (worn)
 z - a +2 ring mail of fire resistance
Wands
 t - a wand of slowing (27/48)
Scrolls
 b - a scroll of noise {unknown}
 g - 2 scrolls of identify {unknown}
 h - a scroll of random uselessness {unknown}
 l - 2 scrolls of fog {unknown}
 m - a scroll of immolation {unknown}
 n - 2 scrolls of blinking {unknown}
 r - 2 scrolls of remove curse {unknown}
 s - 2 scrolls of teleportation {unknown}
 x - a scroll of recharging {unknown}
 B - a scroll of fear {unknown}
Potions
 e - a potion of curing {unknown}
 i - a potion of flight
 o - a potion of invisibility {unknown}
 q - 4 potions of lignification {unknown}
 A - a potion of degeneration {unknown}
Comestibles
 f - 2 bread rations
 j - 2 fruits
 w - 2 chunks of flesh


   Skills:
 * Level 5.0 Fighting
 * Level 3.7 Axes
 + Level 0.2 Throwing
 * Level 5.6 Armour
 - Level 0.2 Dodging
 * Level 4.8 Shields


You had 4 spell levels left.
You didn't know any spells.

Dungeon Overview and Level Annotations

Branches:
Dungeon (4/15)             Temple (0/1) D:4

Altars:
Trog


Innate Abilities, Weirdness & Mutations

You reflexively headbutt those who attack you in melee.
You have a pair of horns on your head.


Message History

You block the orc wizard's attack.
The orc priest mumbles some strange prayers to Beogh against you.
Beogh smites you!
* * * LOW HITPOINT WARNING * * *
The orc wizard hits you with a dagger.
* * * LOW HITPOINT WARNING * * *
Drink which item? (? for menu, Esc to quit)
You feel very mighty all of a sudden. The orc hits you with a hand axe.
* * * LOW HITPOINT WARNING * * *
The orc hits you with a mace.
* * * LOW HITPOINT WARNING * * *
The orc wizard hits you but does no damage.
Drink which item? (? for menu, Esc to quit)
It was a potion of flight.
You feel very buoyant.
You fly up into the air.
The orc hits you but does no damage.
The orc priest mumbles some strange prayers to Beogh against you.
Beogh smites you!
You die...

.........#..#....#..
.........#..#....#..
.........#..#....#..
.........#..#....#..
.....o...#..#....###
......%..#..#......)
+########....#..#.......
.......o#....#..#.......
.......@oo...#..#####...
.......o#o...#...+..#.b.
......=.#....#..##..#...
####....#....#..##..#...
#....#....#...'..#...
+.....+....'...#..#...
#.....#....#..##..#..>
#.....#....#####..#...
#....#......#...


You could see an orc priest, an orc wizard and 3 orcs.

Vanquished Creatures
  An orc priest (D:4)
  Natasha (twice) (D:4)
  An orc wizard (D:4)
  3 worker ants (D:4)
  A howler monkey skeleton (D:4)
  An adder (D:3)
  4 dart slugs
  2 giant geckos
  5 orcs
  A giant cockroach (D:1)
  4 goblins
  6 hobgoblins
  2 jackals (D:2)
  A quokka (D:3)
  A ball python (D:3)
  5 bats
  A giant newt (D:1)
  9 kobolds
  5 rats
55 creatures vanquished.

Notes
Turn   | Place    | Note
--------------------------------------------------------------
     0 | D:1      | magog001 the Minotaur Fighter began the quest for the Orb.
     0 | D:1      | Reached XP level 1. HP: 19/19 MP: 0/0
   226 | D:1      | Reached XP level 2. HP: 25/27 MP: 1/1
   728 | D:1      | Reached XP level 3. HP: 33/33 MP: 2/2
  1046 | D:2      | Found a faded altar to an unknown god.
  2009 | D:3      | Found a bloodstained altar of Trog.
  2681 | D:4      | Reached XP level 4. HP: 19/41 MP: 3/3
  2687 | D:4      | Reached skill level 5 in Armour
  2751 | D:4      | Noticed Natasha
  2753 | D:4      | Found a staircase to the Ecumenical Temple.
  2754 | D:4      | Killed Natasha
  2754 | D:4      | Reached XP level 5. HP: 21/47 MP: 4/4
  2945 | D:4      | Noticed Natasha
  2949 | D:4      | Killed Natasha
  2949 | D:4      | Reached skill level 5 in Fighting
  3329 | D:4      | HP: 1/48 [orc/mace (6)]
  3330 | D:4      | Killed from afar by an orc priest

Skill      XL: |  1  2  3  4  5 |
---------------+----------------+-----
Armour         | 4 5 |  5.6
Fighting       | 4 5 |  5.0
Shields        | 4 |  4.8
Axes           | 3 |  3.7
Throwing       | |  0.2
Dodging        | |  0.2

Action                   |  1- 3 |  4- 6 || total
-------------------------+-------+-------++-------
Melee: War axe           |    91 |    35 ||   126
       Headbutt          |    12 |    14 ||    26
Throw: Tomahawk          |       |     2 ||     2
  Use: Potion            |       |     2 ||     2
  Eat: Chunk             |     3 |       ||     3
       Fruit             |     1 |       ||     1
       Pizza             |     1 |       ||     1
       Royal jelly       |       |     1 ||     1
Armor: Scale mail        |    37 |       ||    37
       Ring mail         |     8 |    12 ||    20
Dodge: Dodged            |    34 |     6 ||    40
Block: Shield            |    51 |    16 ||    67
